 Dungeon Crawl Stone Soup version 0.28.0 (webtiles) character file.

Game seed: 1968322548865111448

75 AmazingTV the Bolt Thrower (level 4, 0/25 HPs)
             Began as a Kobold Arcane Marksman on July 1, 2022.
             Slain by a gnoll (9 damage)
             ... on level 2 of the Dungeon.
             The game lasted 00:04:52 (2108 turns).

AmazingTV the Bolt Thrower (Kobold Arcane Marksman) Turns: 2108, Time: 00:04:53

Health: 0/25       AC:  2    Str:  7    XL:     4   Next: 55%
Magic:  5/5        EV: 16    Int: 14    God:
Gold:   76         SH:  0    Dex: 17    Spells: 4/5 levels left

rFire   . . .      SeeInvis .   a - +0 hand crossbow {crossbow}
rCold   . . .      Faith    .   (no shield)
rNeg    . . .      Spirit   .   d - +0 robe
rPois   .          Reflect  .   (no helmet)
rElec   .          Harm     .   (no cloak)
rCorr   .          Rampage  .   (no gloves)
Will    .....                   (no boots)
Stlth   ++........              (no amulet)
HPRegen 0.08/turn               (no ring)
MPRegen 0.09/turn               (no ring)

@: no status effects
A: small, no large weapons, nightstalker 3
a: no special abilities


You were on level 2 of the Dungeon.
You visited 1 branch of the dungeon, and saw 2 of its levels.

You collected 76 gold pieces.


Innate Abilities, Weirdness & Mutations

You are small and have problems with some larger weapons.
You are completely attuned to the shadows.


   Skills:
 - Level 1.1 Fighting
 + Level 4.1 Crossbows
 + Level 4.1 Dodging
 - Level 1.1 Spellcasting
 - Level 3.0 Hexes


You had 4 spell levels left.
You knew the following spells:

 Your Spells              Type           Power      Damage    Failure   Level
a - Slow                  Hex            36%        N/A       8%          1

Your spell library contained the following spells:

 Spells                   Type           Power      Damage    Failure   Level
 Dazzling Flash           Conj/Hex       8%         N/A       38%         3
 Inner Flame              Hex/Fire       4%         N/A       38%         3
 Portal Projectile        Hex/Tloc       8%         N/A       38%         3
 Cause Fear               Hex            4%         N/A       58%         4
 Gell's Gravitas          Tloc           0%         N/A       61%         3
 Lesser Beckoning         Tloc           0%         N/A       61%         3
 Teleport Other           Tloc           0%         N/A       61%         3
 Silence                  Hex/Air        2%         N/A       98%         5
 Agony                    Necr           0%         N/A       100%        5

Inventory:

Hand Weapons
 a - a +0 hand crossbow (weapon) {crossbow}
Missiles
 b - 43 stones
 c - 2 bolts (quivered ammo)
 e - 26 arrows
 i - 13 sling bullets
Armour
 d - a +0 robe (worn)
Scrolls
 f - 2 scrolls of teleportation {unknown}
 g - a scroll of enchant weapon {unknown}
 j - a scroll of immolation {unknown}
 l - a scroll of identify {unknown}
Potions
 h - 2 potions of lignification {unknown}
 k - 2 potions of cancellation {unknown}

Dungeon Overview and Level Annotations

Branches:
Dungeon (2/15)

Altars:

#### # ..#
#.######.####
.#.#..........
.'.......(....
###.####.#..# #.#
#g##.# .......
#.####†# ..
........ #....#@#
........# ####.#.#
........# #.#.#
........######.#.#
.................#
.............#.###
...........#.#.#
##########.#.#.#
##########.#.#.#


You could see a gnoll.


Message History

No target in view!
c - 10 bolts (gained 3)
You see here an adder corpse.
c - 11 bolts (gained 1)
You now have 62 gold pieces (gained 18).
k - 2 puce potions
l - a scroll labelled EZAOMIL QUNNOAXE An adder comes into view.
You shoot a bolt. The bolt hits the adder!
The adder hisses angrily.
You hear a shout! x3
An adder is nearby!
You shoot a bolt. The bolt closely misses the adder.
You hear a shout!
The adder closely misses you.
You shoot a bolt.
The bolt hits the adder but does no damage.
The adder barely misses you.
You shoot a bolt. The bolt hits the adder!
You kill the adder!
A gnoll comes into view. It is wielding a +0 spear.
Things that are here:
a bolt; 14 gold pieces; an adder corpse A gnoll is nearby!
You shoot a bolt. The bolt hits the gnoll.
You shoot a bolt. The bolt barely misses the gnoll.
You shoot a bolt. The bolt closely misses the gnoll.
The gnoll barely misses you. x2
You shoot a bolt. The bolt barely misses the gnoll.
The gnoll misses you.
You shoot a bolt. The bolt hits the gnoll!
The gnoll barely misses you.
You shoot a bolt. The bolt barely misses the gnoll.
The gnoll barely misses you.
The gnoll hits you from afar with a +0 spear. 😕 HP[-1]
You take 1 damage, and now have 24/25 hp.
You shoot a bolt.
The bolt hits the gnoll but does no damage.
The gnoll closely misses you.
Nothing quivered!
c - a bolt You now have 76 gold pieces (gained 14).
The gnoll closely misses you.
You shoot a bolt. The bolt hits the gnoll.
The gnoll hits you from afar with a +0 spear. 😕 HP[-5]
You take 5 damage, and now have 19/25 hp. 😕 HP[+1] 😕 HP[+1]
You see here 2 bolts.
The gnoll hits you from afar with a +0 spear.
You see here 3 bolts. 😮 HP[-3]
You take 3 damage, and now have 18/25 hp.
c - 3 bolts The gnoll hits you from afar with a +0 spear. 😮 HP[-1]
You take 1 damage, and now have 17/25 hp.
The gnoll barely misses you.
You see here 2 bolts.
c - 5 bolts (gained 2)
The gnoll barely misses you. The gnoll closely misses you.
You see here 2 bolts.
c - 7 bolts (gained 2)
The gnoll barely misses you.
You see here an adder corpse.
You are too injured to fight recklessly!
Fire: 7 bolts
Press: ? - help, Q - select action, (/) - cycle Shift-Dir - straight line, f/p - gnoll
Aim: a gnoll, wielding a +0 spear (heavily wounded, 69% to hit)
You shoot a bolt. The bolt barely misses the gnoll.
The gnoll hits you from afar with a +0 spear. 😮 HP[-1]
You take 1 damage, and now have 16/25 hp.
Fire: 6 bolts
Press: ? - help, Q - select action, (/) - cycle Shift-Dir - straight line, f/p - gnoll
Aim: a gnoll, wielding a +0 spear (heavily wounded, 69% to hit)
You shoot a bolt. The bolt hits the gnoll.
The gnoll misses you. 😮 HP[+1] Fire: 5 bolts
Press: ? - help, Q - select action, (/) - cycle Shift-Dir - straight line, f/p - gnoll
Aim: a gnoll, wielding a +0 spear (severely wounded, 69% to hit)
You shoot a bolt.
The bolt hits the gnoll but does no damage.
The gnoll barely misses you. x2
Fire: 4 bolts
Press: ? - help, Q - select action, (/) - cycle Shift-Dir - straight line, f/p - gnoll
Aim: a gnoll, wielding a +0 spear (severely wounded, 69% to hit)
You shoot a bolt. The bolt barely misses the gnoll.
The gnoll hits you from afar with a +0 spear!
* * * LOW HITPOINT WARNING * * *
😨 HP[-8]
You take 8 damage, and now have 9/25 hp.
MASSIVE DAMAGE!! (PAUSE) Fire: 3 bolts
Press: ? - help, Q - select action, (/) - cycle Shift-Dir - straight line, f/p - gnoll
Aim: a gnoll, wielding a +0 spear (severely wounded, 69% to hit)
You shoot a bolt. The bolt closely misses the gnoll.
The gnoll hits you from afar with a +0 spear!
You die...

Skill      XL: |  1  2  3  4 |
---------------+-------------+-----
Crossbows      | 3 4 |  4.1
Dodging        | 3 4 |  4.1
Fighting       | |  1.1
Spellcasting   | |  1.1
Hexes          | |  3.0

Action                   |  1- 3 |  4- 6 || total
-------------------------+-------+-------++-------
 Fire: Hand crossbow     |    80 |    27 ||   107
Armor: Robe              |     5 |     1 ||     6
Dodge: Dodged            |    27 |    19 ||    46

Levels and vault maps discovered:
D:1:      dpeg_arrival_rooms_b, layout_loops_corners, serial_bayou,
          serial_bayou_shore_a, serial_bayou_pond_d, serial_bayou_pond_c,
          serial_bayou_pond_c, serial_bayou_crossing, minmay_pentomino_q4
D:2:      layout_basic, serial_shops, shop

Notes
Turn   | Place    | Note
-------+----------+-------------------------------------------
     0 | D:1      | AmazingTV the Kobold Arcane Marksman began the quest for
                  | the Orb.
     0 | D:1      | Reached XP level 1. HP: 12/12 MP: 2/2
     0 | D:1      | magus.rc [v1.9.6]
   213 | D:1      | Reached XP level 2. HP: 16/16 MP: 3/3
   322 | D:1      | Reached skill level 3 in Crossbows
   322 | D:1      | Reached skill level 3 in Dodging
   569 | D:1      | You pick up a book of Displacement and begin reading...
   569 | D:1      | You add the spells Lesser Beckoning, Gell's Gravitas and
                  | Teleport Other to your library.
   611 | D:1      | Reached XP level 3. HP: 20/20 MP: 4/4
   623 | D:1      | You pick up a book of the Senses and begin reading...
   623 | D:1      | You add the spells Dazzling Flash, Agony and Silence to
                  | your library.
  1789 | D:2      | Reached XP level 4. HP: 25/25 MP: 5/5
  1869 | D:2      | Reached skill level 4 in Crossbows
  1869 | D:2      | Reached skill level 4 in Dodging
  2108 | D:2      | Slain by a gnoll

Vanquished Creatures
  3 adders (D:2)
  A dart slug (D:1)
  5 endoplasms
  2 giant cockroaches
  3 goblins (D:1)
  4 hobgoblins (D:1)
  8 jackals
  4 kobolds
  A quokka (D:1)
  5 bats (D:1)
  5 frilled lizards
  2 rats (D:1)
43 creatures vanquished.

Vanquished Creatures (others)
  3 plants (D:1)
3 creatures vanquished.

Grand Total: 46 creatures vanquished

Table legend:
 A = Non-vault XP
 B = Vault XP
 C = Vault XP percentage of total XP
 D = Non-vault monster count
 E = Vault monster count
 F = Vault count percentage of total count
                 A         B        C        D         E       F
            +---------+---------+-------+---------+---------+-------
      Total |     101 |       7 |   6.5 |      39 |       4 |   9.3
            +---------+---------+-------+---------+---------+-------
        D:1 |      43 |       7 |  14.0 |      26 |       4 |  13.3
        D:2 |      58 |       0 |   0.0 |      13 |       0 |   0.0
            +---------+---------+-------+---------+---------+-------

Illustrated notes

Table legend:
 A = Kills in this place as a percentage of kills in entire the game.
 B = Kills by you in this place as a percentage of kills by you in the entire game.
 C = Kills by friends in this place as a percentage of kills by friends in the entire game.
 D = Other kills in this place as a percentage of other kills in the entire game.
 E = Experience gained in this place as a percentage of experience gained in the entire game.
 F = Experience gained in this place divided by the number of levels of this place that you have seen.
                   A       B       C       D       E      F
               +-------+-------+-------+-------+-------+----------------------
         Total | 100.0 | 100.0 |   N/A |   N/A | 100.0 |  54.0
       Dungeon | 100.0 | 100.0 |   N/A |   N/A | 100.0 |  54.0
               +-------+-------+-------+-------+-------+----------------------

Table legend: (Time is in decaauts)
 A = Elapsed time spent in this place.
 B = Non-inter-level travel time spent in this place.
 C = Inter-level travel time spent in this place.
 D = Time resting spent in this place.
 E = Time spent auto-exploring this place.
 F = Levels seen in this place.
 G = Mean time per level.
                   A        B        C        D        E       F      G
               +--------+--------+--------+--------+--------+-----+--------+
         Total |   2209 |   2179 |     30 |    481 |   1411 |   2 | 1104.5 |
       Dungeon |   2209 |   2179 |     30 |    481 |   1411 |   2 | 1104.5 |
               +--------+--------+--------+--------+--------+-----+--------+

Top non-repeatable levels by time:
     D:1: 1595 daAuts
     D:2: 614 daAuts
